 Dungeon Crawl Stone Soup version 0.28-a0-1117-g0bdd5ba030 (webtiles) character file.

Game seed: 408506730511947376

136 SensoryNuts the Twirler (level 4, -7/34 HPs)
             Began as a Demonspawn Gladiator on Dec 11, 2021.
             Mangled by an iguana (9 damage)
             ... on level 4 of the Dungeon.
             The game lasted 00:02:53 (3391 turns).

SensoryNuts the Twirler (Demonspawn Gladiator)      Turns: 3391, Time: 00:02:53

Health: -7/34      AC:  4    Str: 17    XL:     4   Next: 98%
Magic:  4/4        EV: 12    Int:  9    God:
Gold:   104        SH:  4    Dex: 14    Spells: 3/3 levels left

rFire   . . .      SeeInvis .   a - +0 quarterstaff
rCold   . . .      Faith    .   (shield currently unavailable)
rNeg    . . .      Spirit   .   b - +0 leather armour
rPois   .          Reflect  .   c - +0 helmet
rElec   .          Harm     .   (no cloak)
rCorr   .          Rampage  .   (no gloves)
Will    .....                   (no boots)
Stlth   +.........              (no amulet)
HPRegen 0.11/turn               (no ring)
MPRegen 0.09/turn               (no ring)

@: no status effects
A: large bone plates 1
a: no special abilities


You were on level 4 of the Dungeon.
You visited 1 branch of the dungeon, and saw 4 of its levels.

You collected 104 gold pieces.

Inventory:

Hand Weapons
 a - a +0 quarterstaff (weapon)
Missiles
 d - 3 throwing nets (quivered)
Armour
 b - a +0 leather armour (worn)
 c - a +0 helmet (worn)
 t - the +1 ring mail of Qilus {Int+4 Dex+5}
   (You found it on level 4 of the Dungeon)

   Int:       It affects your intelligence (+4).
   Dex:       It affects your dexterity (+5).
Wands
 o - a wand of flame (15)
Scrolls
 e - a scroll of enchant weapon {unknown}
 f - a scroll of holy word {unknown}
 h - 2 scrolls of identify {unknown}
 k - a scroll of fog {unknown}
 q - a scroll of magic mapping {unknown}
 s - a scroll of blinking {unknown}
Potions
 g - 2 potions of degeneration {unknown}
 i - 2 potions of haste {unknown}
 j - 2 potions of berserk rage {unknown}
 l - a potion of curing {unknown}
 m - 2 potions of lignification {unknown}
 n - a potion of brilliance {unknown}
 p - a potion of heal wounds {unknown}
 r - a potion of mutation {unknown}


   Skills:
 + Level 2.5 Fighting
 + Level 3.9 Staves
 + Level 2.0 Throwing
 + Level 1.2 Armour
 + Level 3.4 Dodging
 + Level 0.4 Stealth
 + Level 0.1 Shields


You had 3 spell levels left.
You didn't know any spells.
Your spell library contained the following spells:

 Spells                   Type           Power      Damage    Failure   Level
 Animate Skeleton         Necr           0%         N/A       43%         1
 Pain                     Necr           0%         1d4       43%         1
 Vampiric Draining        Necr           0%         2d6       82%         3


Dungeon Overview and Level Annotations

Branches:
Dungeon (4/15)
 Temple: D:4-7

Altars:

Shops:
D:2 *


Innate Abilities, Weirdness & Mutations

You are partially covered in large bone plates. (SH +4)


Message History

An iguana comes into view.
The iguana hisses angrily.
Found 23 arrows.
Found a stone staircase leading down.
The iguana barely misses you.
You see here the +1 ring mail of Qilus {Int+4 Dex+5}.
t - the +1 ring mail of Qilus {Int+4 Dex+5} You block the iguana's attack.
The iguana bites you but does no damage.
The iguana bites you.
You see here a +0 kite shield.
You hit the iguana.
The iguana is moderately wounded.
The iguana bites you!
You closely miss the iguana.
The iguana is moderately wounded.
The iguana bites you.
You hit the iguana.
The iguana is heavily wounded.
The iguana closely misses you.
You hit the iguana.
The iguana is severely wounded.
The iguana bites you.
* * * LOW HITPOINT WARNING * * *
You hit the iguana but do no damage.
The iguana is severely wounded.
The iguana barely misses you. x2
You hit the iguana.
The iguana is almost dead.
An endoplasm comes into view.
The iguana bites you!
* * * LOW HITPOINT WARNING * * *
Okay, then.
The endoplasm quivers.
You hit the iguana.
The iguana is almost dead.
The iguana misses you.
You hit the iguana but do no damage.
The iguana is almost dead.
The iguana bites you!
You die...

##......#).# #.#
.....#.##..# #.#
...###.##..## #.#
#.. #......# #.# ..
...###...##### #.# .
..##.......# #.#
#.......†..# .# .
##.##...#†.###.###..
#. #.#.#..@.#(.....
# .....##.l....... .
....#..###....####..
....#..#......##....
....#..#.#J.......#
....$..........#
........$......#
..###.....>.....# .
##..........#


You could see an iguana and an endoplasm.

Vanquished Creatures
  A gnoll (D:1)
  2 adders
  4 worms
  3 dart slugs
  7 ball pythons
  4 endoplasms
  3 giant cockroaches
  6 goblins
  8 hobgoblins
  7 jackals
  9 kobolds
  6 quokkas
  9 bats
  9 frilled lizards
  7 rats
85 creatures vanquished.

Notes
Turn   | Place    | Note
-------+----------+-------------------------------------------
     0 | D:1      | SensoryNuts the Demonspawn Gladiator began the quest for
                  | the Orb.
     0 | D:1      | Reached XP level 1. HP: 16/16 MP: 1/1
    31 | D:1      | Gained mutation: You are partially covered in large bone
                  | plates. (SH +4) [demonic ancestry]
    31 | D:1      | Reached XP level 2. HP: 16/22 MP: 2/2
   875 | D:1      | Reached XP level 3. HP: 27/27 MP: 3/3
  1640 | D:2      | Reached XP level 4. HP: 25/33 MP: 4/4
  2051 | D:2      | Found Vuuwk's General Store.
  2064 | D:2      | Reached skill level 1 in Armour
  3375 | D:4      | Identified the +1 ring mail of Qilus {Int+4 Dex+5}
  3389 | D:4      | HP: 1/34 [iguana (9)]
  3391 | D:4      | Mangled by an iguana

Illustrated notes

Levels and vault maps discovered:
D:1:      lemuel_arrival_river_ford, layout_basic
D:2:      layout_basic, serial_shops,
          nicolae_shop_temple_entry_statues_fountains
D:3:      layout_loops_ring, minmay_misc_feat_nine_boxes, dk_noncrumbling_3,
          nicolae_concentric_dashed_squares_mild, minmay_quadrilaterals
D:4:      layout_rooms

Skill      XL: |  1  2  3  4 |
---------------+-------------+-----
Dodging        | 3 |  3.4
Throwing       | 2 |  2.0
Staves         | 3 |  3.9
Armour         | 1 |  1.2
Fighting       | |  2.5
Stealth        | |  0.4
Shields        | |  0.1

Action                   |  1- 3 |  4- 6 || total
-------------------------+-------+-------++-------
Melee: Quarterstaff      |   117 |   134 ||   251
 Stab: Sleeping          |       |     1 ||     1
Armor: Leather armour    |    35 |    28 ||    63
Dodge: Dodged            |    84 |    72 ||   156
Block: Other             |     9 |    29 ||    38

Table legend: (Time is in decaauts)
 A = Elapsed time spent in this place.
 B = Non-inter-level travel time spent in this place.
 C = Inter-level travel time spent in this place.
 D = Time resting spent in this place.
 E = Time spent auto-exploring this place.
 F = Levels seen in this place.
 G = Mean time per level.
                   A        B        C        D        E       F      G
               +--------+--------+--------+--------+--------+-----+--------+
         Total |   3433 |   3433 |      0 |      0 |   2743 |   4 |  858.2 |
       Dungeon |   3433 |   3433 |      0 |      0 |   2743 |   4 |  858.2 |
               +--------+--------+--------+--------+--------+-----+--------+

Top non-repeatable levels by time:
     D:1: 1433 daAuts
     D:3: 1017 daAuts
     D:2: 903 daAuts
     D:4: 77 daAuts
